 Dungeon Crawl Stone Soup version 0.27-a0-1256-gced786f65e (webtiles) character file.

Game seed: 13904157228418260918

45 zezblit the Grave Robber (level 3, 0/24 HPs)
             Began as a Demonspawn Necromancer on June 10, 2021.
             Slain by a rat (2 damage)
             ... on level 2 of the Dungeon.
             The game lasted 00:09:34 (1664 turns).

zezblit the Grave Robber (Demonspawn Necromancer)   Turns: 1664, Time: 00:09:34

Health: 0/24       AC:  3    Str:  8    XL:     3   Next: 42%
Magic:  6/6        EV: 12    Int: 17    God:
Gold:   80         SH:  0    Dex: 13    Spells: 4/6 levels left

rFire    . . .     SeeInvis .   f - +1 mace (drain)
rCold    . . .     Faith    .   (no shield)
rNeg     . . .     Spirit   .   e - +0 leather armour
rPois    .         Reflect  .   (helmet restricted)
rElec    .         Harm     .   (no cloak)
rCorr    .         Rampage  .   (no gloves)
Will     .....                  (no boots)
Stlth    +.........             (no amulet)
HPRegen  0.08/turn              (no ring)
MPRegen  0.10/turn              (no ring)

@: confused
A: antennae 1, sturdy frame 1
a: no special abilities


You were on level 2 of the Dungeon.
You visited 1 branch of the dungeon, and saw 3 of its levels.

You collected 80 gold pieces.

Inventory:

Hand Weapons
 f - a +1 mace of draining (weapon)
 k - a +2 dagger of venom
Armour
 a - a +0 robe
 e - a +0 leather armour (worn)
Magical Staves
 j - a staff of earth
Scrolls
 b - a scroll of teleportation {unknown}
 d - a scroll of noise {unknown}
 g - a scroll of identify {unknown}
 h - a scroll of fog {unknown}
Potions
 c - a potion of cancellation {unknown}
 i - a potion of ambrosia {unknown}
 l - a potion of might {unknown}


   Skills:
 - Level 0.1 Armour
 + Level 1.8 Dodging
 + Level 1.7 Stealth
 + Level 2.0 Spellcasting
 * Level 5.7 Necromancy


You had 4 spell levels left.
You knew the following spells:

 Your Spells              Type           Power      Damage    Failure   Level
a - Pain                  Necr           84%        1d8       1%          1
b - Animate Skeleton      Necr           42%        N/A       1%          1

Your spell library contained the following spells:

 Spells                   Type           Power      Damage    Failure   Level
 Vampiric Draining        Necr           10%        2d7       6%          3
 Animate Dead             Necr           10%        N/A       21%         4
 Agony                    Necr           21%        N/A       50%         5


Dungeon Overview and Level Annotations

Branches:
Dungeon (3/15)

Altars:

Shops:
D:1 *


Innate Abilities, Weirdness & Mutations

You have a pair of small antennae on your head.
Your movements are slightly less encumbered by armour. (ER -2)


Message History

Things that are here:
a +0 long sword; a stone; a kobold corpse
Things that are here:
a +0 dagger; a +0 robe; an orc corpse
Aiming: Pain (safe; 1% risk of failure)
Press: ? - help, Q - select action, (/) - cycle Shift-Dir - straight line Something writhes in agony.
Something hits you.
You hear some strange, mumbled words.
You are confused.
Things that are here:
a +0 long sword; a stone; a kobold corpse You're too confused to cast spells.
You're too confused to cast spells.
You bump into the rock wall.
You hear some strange, mumbled words.
Something tries to affect you, but you resist.
You hear some strange, mumbled words.
You are more confused.
Things that are here:
a +0 dagger; a +0 robe; an orc corpse You miss something.
The rat closely misses you. Something hits you but does no damage.
The rat bites you but does no damage. Something hits you.
You closely miss something. The rat bites you. Something hits you.
You bump into the rock wall.
The rat misses you. Something hits you.
You bump into the rock wall.
The rat barely misses you.
You hear some strange, mumbled words.
A puff of flame appears from out of thin air!
The puff of flame hits you!
* * * LOW HITPOINT WARNING * * *
You bump into the rock wall.
You hear some strange, mumbled words.
You are more confused.
The rat closely misses you.
Things that are here:
a +0 long sword; a stone; a kobold corpse You hit the rat but do no damage.
The rat closely misses you. The rat bites you.
You die...

....................
...................
.....(...........# ..
.................###....
.......................{
...##............##.....
##########.#####{# #..
............# #r#
###########.####@##
#...##..# #...###.#####
## ##..###.....# #. #
#........#.####.# .##
#.######(....##.###..#
#.########...........#
#..<..####...###.....#
#..##...##.#...#......


You could see a rat.

Vanquished Creatures
  An orc wizard (D:2)
  5 endoplasms
  A giant cockroach (D:2)
  2 goblins (D:1)
  3 hobgoblins (D:1)
  2 frilled lizards (D:1)
  3 kobolds
  3 rats
20 creatures vanquished.

Notes
Turn   | Place    | Note
-------+----------+-------------------------------------------
     0 | D:1      | zezblit the Demonspawn Necromancer began the quest for the
                  | Orb.
     0 | D:1      | Reached XP level 1. HP: 13/13 MP: 3/3
     2 | D:1      | Learned a level 1 spell: Animate Skeleton
   534 | D:1      | Found Nymov's Assorted Antiques.
   711 | D:1      | Gained mutation: You have a pair of small antennae on your
                  | head. [demonic ancestry]
   711 | D:1      | Reached XP level 2. HP: 16/19 MP: 1/5
   783 | D:1      | Reached skill level 5 in Necromancy
  1486 | D:2      | Gained mutation: Your movements are slightly less
                  | encumbered by armour. (ER -2) [demonic ancestry]
  1486 | D:2      | Reached XP level 3. HP: 12/24 MP: 3/6
  1664 | D:2      | Slain by a rat

Illustrated notes

Levels and vault maps discovered:
D:1:      giann_wishing_wells, layout_loops_cross, serial_shops, shop,
          minmay_pentomino_r4
D:2:      layout_rooms, minmay_liquid_box, chequers_jeans
D:3:      layout_loops_ring, nicolae_hepliaklqana_hazy_memory,
          amcnicky_altar_gilded, old_standard_altar,
          nicolae_dithmenos_shadow_blocks, yredelemnul_forgotten_temple_becter,
          shapermc_ecumenical_altar_mp_highgroup, grunt_decor_one_mirror,
          uniq_natasha

Skill      XL: |  1  2 |
---------------+-------+-----
Necromancy     | 5 |  5.7
Armour         | |  0.1
Dodging        | |  1.8
Stealth        | |  1.7
Spellcasting   | |  2.0

Action                   || total
-------------------------++-------
Melee: Unarmed           ||     2
       Mace              ||     7
 Cast: Pain              ||    32
Armor: Robe              ||     1
       Leather armour    ||     2
Dodge: Dodged            ||     6

Table legend: (Time is in decaauts)
 A = Elapsed time spent in this place.
 B = Non-inter-level travel time spent in this place.
 C = Inter-level travel time spent in this place.
 D = Time resting spent in this place.
 E = Time spent auto-exploring this place.
 F = Levels seen in this place.
 G = Mean time per level.
                   A        B        C        D        E       F      G
               +--------+--------+--------+--------+--------+-----+--------+
         Total |   1671 |   1605 |     66 |    444 |    907 |   3 |  557.0 |
       Dungeon |   1671 |   1605 |     66 |    444 |    907 |   3 |  557.0 |
               +--------+--------+--------+--------+--------+-----+--------+

Top non-repeatable levels by time:
     D:1: 1264 daAuts
     D:2: 402 daAuts
     D:3: 4 daAuts
